APL (24 & UNDER)
KENOSHA KINGFISH @ BEAVERTON BRONZE SOULS
09/09/2026
 
TOP OF THE 1ST
Kenosha Kingfish batting - Pitching for Beaverton Bronze Souls : RHP Ignacio Morales
Pitching: RHP Ignacio Morales
Batting: RHB Manuel Gómez 0-0: Ground out 4-3 (Groundball, 4)
Batting: SHB Alfonso Escasán 0-0: Called Strike
0-1: Swinging Strike
0-2: Foul Ball, location: 2F
0-2: Ball
1-2: Strikes out swinging
Batting: RHB Francisco Martínez 0-0: Called Strike
0-1: Ground out 6-3 (Groundball, 6)
Top of the 1st over - 0 run(s), 0 hit(s), 0 error(s), 0 left on base; Kenosha 0 - Beaverton 0
BOTTOM OF THE 1ST
Beaverton Bronze Souls batting - Pitching for Kenosha Kingfish : RHP Anastasio Cervantes
Pitching: RHP Anastasio Cervantes
Batting: RHB Juan Becerra 0-0: Ball
1-0: Foul Ball, location: 2F
1-1: Swinging Strike
1-2: SOLO HOME RUN (Flyball, 7D), Distance : 364 ft
Batting: LHB Richard Méndez 0-0: SINGLE (Groundball, 3D)
Batting: LHB Miguel Barrón 0-0: Ball
1-0: Fly out, F7 (Flyball, 7S)
Batting: LHB Chance Santry 0-0: Ball
1-0: Foul Ball, location: 2F
1-1: Grounds into double play, 4-6-3 (Groundball, 34)
Bottom of the 1st over - 1 run(s), 2 hit(s), 0 error(s), 0 left on base; Kenosha 0 - Beaverton 1
TOP OF THE 2ND
Kenosha Kingfish batting - Pitching for Beaverton Bronze Souls : RHP Ignacio Morales
Batting: LHB Richard Brooks 0-0: Ball
1-0: Ball
2-0: Swinging Strike
2-1: Swinging Strike
2-2: Strikes out swinging
Batting: RHB Matt Rodríguez 0-0: Ground out 5-3 (Groundball, 5S)
Batting: SHB Júlio Valentín 0-0: Foul Ball, location: 2F
0-1: Called Strike
0-2: Ball
1-2: Strikes out swinging
Top of the 2nd over - 0 run(s), 0 hit(s), 0 error(s), 0 left on base; Kenosha 0 - Beaverton 1
BOTTOM OF THE 2ND
Beaverton Bronze Souls batting - Pitching for Kenosha Kingfish : RHP Anastasio Cervantes
Batting: RHB Brian Dixon 0-0: Called Strike
0-1: Swinging Strike
0-2: Foul Ball, location: 2F
0-2: Ball
1-2: Ball
2-2: SINGLE (Flyball, 8RS)
Batting: LHB Cristóbal Gómez 0-0: Called Strike
Brian Dixon steals 2nd base
0-1: Ball
1-1: Ball
2-1: Foul Ball, location: 2F
2-2: Ball
3-2: Fly out, F8 (Line Drive, 8LM)
Batting: SHB Dawson Fowler 0-0: Called Strike
0-1: Fly out, F7 (Flyball, 7M)
Batting: RHB David Kerr 0-0: Ball
1-0: Ground out 6-3 (Groundball, 6)
Bottom of the 2nd over - 0 run(s), 1 hit(s), 0 error(s), 1 left on base; Kenosha 0 - Beaverton 1
TOP OF THE 3RD
Kenosha Kingfish batting - Pitching for Beaverton Bronze Souls : RHP Ignacio Morales
Batting: SHB Devin Smith 0-0: Called Strike
0-1: Ball
1-1: Called Strike
1-2: SINGLE (Groundball, 34)
Batting: RHB Sergio Mata 0-0: Fly out, F3 (Popup, 3F)
Batting: RHB Tommy Davenport 0-0: Called Strike
0-1: Swinging Strike
0-2: Ball
1-2: Ball
2-2: Ball
3-2: Foul Ball, location: 2F
3-2: Strikes out looking
Devin Smith steals 2nd base
Batter strikes out.
Batting: RHB Manuel Gómez 0-0: Called Strike
0-1: Hit by Pitch
Batting: SHB Alfonso Escasán 0-0: Ball
1-0: Fly out, F2 (Popup, 2LF)
Top of the 3rd over - 0 run(s), 1 hit(s), 0 error(s), 2 left on base; Kenosha 0 - Beaverton 1
BOTTOM OF THE 3RD
Beaverton Bronze Souls batting - Pitching for Kenosha Kingfish : RHP Anastasio Cervantes
Batting: LHB Luis Aragón 0-0: Ball
1-0: Called Strike
1-1: Swinging Strike
1-2: Ball
2-2: Ball
3-2: Strikes out swinging
Batting: RHB Juan Becerra 0-0: Ball
1-0: Ball
2-0: Ball
3-0: Base on Balls
Batting: LHB Richard Méndez 0-0: Ball
1-0: Ball
2-0: Foul Ball, location: 2F
2-1: Ball
3-1: Fielders Choice at 2nd, 1-6 (Groundball, 13S)
Batting: LHB Miguel Barrón 0-0: Called Strike
0-1: Ball
1-1: Called Strike
1-2: Ground out 4-3 (Groundball, 4)
Bottom of the 3rd over - 0 run(s), 0 hit(s), 0 error(s), 1 left on base; Kenosha 0 - Beaverton 1
TOP OF THE 4TH
Kenosha Kingfish batting - Pitching for Beaverton Bronze Souls : RHP Ignacio Morales
Batting: RHB Francisco Martínez 0-0: Ball
1-0: Ground out 5-3 (Groundball, 56S)
Batting: LHB Richard Brooks 0-0: Ball
1-0: Ball
2-0: Called Strike
2-1: Foul Ball, location: 2F
2-2: Strikes out looking
Batting: RHB Matt Rodríguez 0-0: Called Strike
0-1: Swinging Strike
0-2: Foul Ball, location: 2F
0-2: Ball
1-2: Ball
2-2: Strikes out looking
Top of the 4th over - 0 run(s), 0 hit(s), 0 error(s), 0 left on base; Kenosha 0 - Beaverton 1
BOTTOM OF THE 4TH
Beaverton Bronze Souls batting - Pitching for Kenosha Kingfish : RHP Anastasio Cervantes
Batting: LHB Chance Santry 0-0: Ball
1-0: Foul Ball, location: 2F
1-1: Foul Ball, location: 2F
1-2: Foul Ball, location: 2F
1-2: Ground out 6-3 (Groundball, 6)
Batting: RHB Brian Dixon 0-0: Ground out 1-3 (Groundball, 23)
Batting: LHB Cristóbal Gómez 0-0: Foul Ball, location: 2F
0-1: Called Strike
0-2: Ball
1-2: Foul Ball, location: 2F
1-2: SOLO HOME RUN (Flyball, 89XD), Distance : 411 ft
Batting: SHB Dawson Fowler 0-0: Ground out 4-3 (Groundball, 34)
Bottom of the 4th over - 1 run(s), 1 hit(s), 0 error(s), 0 left on base; Kenosha 0 - Beaverton 2
TOP OF THE 5TH
Kenosha Kingfish batting - Pitching for Beaverton Bronze Souls : RHP Ignacio Morales
Batting: SHB Júlio Valentín 0-0: Called Strike
0-1: Ball
1-1: Swinging Strike
1-2: Strikes out swinging
Batting: SHB Devin Smith 0-0: Called Strike
0-1: Ball
1-1: Ball
2-1: Called Strike
2-2: Strikes out swinging
Batting: RHB Sergio Mata 0-0: Called Strike
0-1: Foul Ball, location: 2F
0-2: Ball
1-2: Ground out 6-3 (Groundball, 6)
Top of the 5th over - 0 run(s), 0 hit(s), 0 error(s), 0 left on base; Kenosha 0 - Beaverton 2
BOTTOM OF THE 5TH
Beaverton Bronze Souls batting - Pitching for Kenosha Kingfish : RHP Anastasio Cervantes
Batting: RHB David Kerr 0-0: Called Strike
0-1: Foul Ball, location: 2F
0-2: Ball
1-2: Ball
2-2: Foul Ball, location: 2F
2-2: Strikes out swinging
Batting: LHB Luis Aragón 0-0: Swinging Strike
0-1: SINGLE (Flyball, 7S) - OUT at second base trying to stretch hit.
Batting: RHB Juan Becerra 0-0: Swinging Strike
0-1: Ball
1-1: Ball
2-1: Ball
3-1: Base on Balls
Batting: LHB Richard Méndez 0-0: Ball
1-0: Ground out 4-3 (Groundball, 4)
Bottom of the 5th over - 0 run(s), 1 hit(s), 0 error(s), 1 left on base; Kenosha 0 - Beaverton 2
TOP OF THE 6TH
Kenosha Kingfish batting - Pitching for Beaverton Bronze Souls : RHP Ignacio Morales
Batting: RHB Tommy Davenport 0-0: Called Strike
0-1: DOUBLE (Groundball, 5L)
Batting: RHB Manuel Gómez 0-0: Foul Ball, location: 2F
0-1: Foul Ball, location: 2F
0-2: Foul Ball, location: 2F
0-2: Ball
1-2: Ball
2-2: Ball
3-2: Fly out, F8 (Flyball, 8LM)
Batting: SHB Alfonso Escasán 0-0: Called Strike
0-1: Swinging Strike
0-2: Ball
1-2: Ball
2-2: Strikes out swinging
Batting: RHB Francisco Martínez 0-0: Called Strike
0-1: Foul Ball, location: 2F
0-2: Strikes out swinging
Top of the 6th over - 0 run(s), 1 hit(s), 0 error(s), 1 left on base; Kenosha 0 - Beaverton 2
BOTTOM OF THE 6TH
Beaverton Bronze Souls batting - Pitching for Kenosha Kingfish : RHP Anastasio Cervantes
Batting: LHB Miguel Barrón 0-0: Ball
1-0: Ground out 6-3 (Groundball, 6M)
Batting: LHB Chance Santry 0-0: Called Strike
0-1: Called Strike
0-2: Ball
1-2: Ball
2-2: Ball
3-2: Foul Ball, location: 2F
3-2: Base on Balls
Batting: RHB Brian Dixon 0-0: Fly out, F4 (Popup, 34)
Batting: LHB Cristóbal Gómez 0-0: Swinging Strike
0-1: Ball
1-1: Foul Ball, location: 2F
1-2: Ball
2-2: Ball
3-2: SINGLE (Flyball, 89S)
Chance Santry to second
Chance Santry to third
Pitching: LHP Nick Clayton
Batting: SHB Dawson Fowler 0-0: Ball
1-0: Foul Ball, location: 2F
1-1: Swinging Strike
1-2: Ball
2-2: Fly out, F8 (Flyball, 8RD)
Bottom of the 6th over - 0 run(s), 1 hit(s), 0 error(s), 2 left on base; Kenosha 0 - Beaverton 2
TOP OF THE 7TH
Kenosha Kingfish batting - Pitching for Beaverton Bronze Souls : RHP Ignacio Morales
Batting: LHB Richard Brooks 0-0: Called Strike
0-1: Swinging Strike
0-2: Ball
1-2: Foul Ball, location: 2F
1-2: Strikes out swinging
Batting: RHB Matt Rodríguez 0-0: Ball
1-0: SINGLE (Flyball, 9LS)
Batting: SHB Júlio Valentín 0-0: Ball
1-0: Ground out 5-3 (Groundball, 56S)
Matt Rodríguez to second
Pitching: RHP Ben Hepworth
Batting: SHB Devin Smith 0-0: Ball
1-0: Ball
2-0: Called Strike
2-1: Ball
3-1: Base on Balls
Pinch Runner at 2nd José Vargas:
Pinch Hitting: LHB Carlton López 0-0: Ball
1-0: Foul Ball, location: 2F
1-1: Called Strike
1-2: Strikes out looking
Top of the 7th over - 0 run(s), 1 hit(s), 0 error(s), 2 left on base; Kenosha 0 - Beaverton 2
BOTTOM OF THE 7TH
Beaverton Bronze Souls batting - Pitching for Kenosha Kingfish : LHP Nick Clayton
Now at 3B: John Beach
Now in RF: José Vargas
Batting: RHB David Kerr 0-0: Called Strike
0-1: Ball
1-1: Foul Ball, location: 2F
1-2: Strikes out swinging
Batting: LHB Luis Aragón 0-0: SINGLE (Flyball, 7S)
Batting: RHB Juan Becerra 0-0: Fly out, F8 (Popup, 8RS)
Batting: LHB Richard Méndez 0-0: Swinging Strike
0-1: Foul Ball, location: 2F
0-2: Foul Ball, location: 2F
0-2: Strikes out looking
Bottom of the 7th over - 0 run(s), 1 hit(s), 0 error(s), 1 left on base; Kenosha 0 - Beaverton 2
TOP OF THE 8TH
Kenosha Kingfish batting - Pitching for Beaverton Bronze Souls : RHP Ben Hepworth
Batting: RHB Tommy Davenport 0-0: Ground out 6-3 (Groundball, 6)
Batting: RHB Manuel Gómez 0-0: Called Strike
0-1: Ball
1-1: Foul Ball, location: 2F
1-2: Strikes out swinging
Batting: SHB Alfonso Escasán 0-0: Foul Ball, location: 2F
0-1: Ball
1-1: Ball
2-1: SINGLE (Groundball, 3L)
Batting: RHB Francisco Martínez 0-0: Ball
1-0: SINGLE (Groundball, 56D)
Alfonso Escasán to second
Pitching: LHP Mike Stevens
Pinch Runner at 2nd Miguel Flores:
Pinch Hitting: RHB Esteban Ayala 0-0: Called Strike
0-1: Ground out U3 (Groundball, 3)
Top of the 8th over - 0 run(s), 2 hit(s), 0 error(s), 2 left on base; Kenosha 0 - Beaverton 2
BOTTOM OF THE 8TH
Beaverton Bronze Souls batting - Pitching for Kenosha Kingfish : LHP Nick Clayton
Now at 1B: Doug Lutz
Batting: LHB Miguel Barrón 0-0: SINGLE (Line Drive, 7S)
Batting: LHB Chance Santry 0-0: Called Strike
0-1: Swinging Strike
0-2: Ball
1-2: Strikes out looking
Batting: RHB Brian Dixon 0-0: Fly out, F8 (Flyball, 8LD)
Batting: LHB Cristóbal Gómez 0-0: Swinging Strike
0-1: Swinging Strike
0-2: Strikes out swinging
Bottom of the 8th over - 0 run(s), 1 hit(s), 0 error(s), 1 left on base; Kenosha 0 - Beaverton 2
TOP OF THE 9TH
Kenosha Kingfish batting - Pitching for Beaverton Bronze Souls : LHP Mike Stevens
Pitching: RHP Taylor Bowen
Batting: RHB José Vargas 0-0: Ball
1-0: Swinging Strike
1-1: Swinging Strike
1-2: Foul Ball, location: 2F
1-2: Ball
2-2: Foul Ball, location: 2F
2-2: Foul Ball, location: 2F
2-2: Strikes out looking
Batting: SHB Júlio Valentín 0-0: Foul Ball, location: 2F
0-1: Ground out U3 (Groundball, 3L)
Batting: SHB Devin Smith 0-0: Ground out 4-3 (Groundball, 4M)
Top of the 9th over - 0 run(s), 0 hit(s), 0 error(s), 0 left on base; Kenosha 0 - Beaverton 2
Monday, December 5th, 2016 - OOTP Baseball 17.12 Build 75